 Dungeon Crawl Stone Soup version 0.26.1-11-gd32895ea62 (webtiles) character file.

Game seed: 2838392367394368931

153 Almogavar the Covered (level 5, -13/42 HPs)
             Began as a Barachi Fighter on May 14, 2021.
             Was an Initiate of Makhleb.
             Mangled by an orc
             ... wielding a +2 whip of electrocution
              (19 damage)
             ... on level 3 of the Dungeon.
             The game lasted 00:06:50 (2636 turns).

Almogavar the Covered (Barachi Fighter)             Turns: 2636, Time: 00:06:51

Health: -13/42     AC: 13    Str: 18    XL:     5   Next: 35%
Magic:  5/5        EV:  8    Int:  9    God:    Makhleb [......]
Gold:   124        SH:  9    Dex: 11    Spells: 4/4 levels left

rFire    + + .     SeeInvis .   a - +0 long sword
rCold    + . .     Faith    .   c - +0 kite shield
rNeg     . . .     Spirit   .   b - +0 scale mail
rPois    .         Reflect  .   (no helmet)
rElec    .         Harm     .   A - scarf {rC+ rF+}
rCorr    .         Rampage  .   y - +1 pair of gloves
Will     .....                  (no boots)
Stlth    ..........             w - amulet of the acrobat
HPRegen  0.14/turn              m - +4 ring of protection
MPRegen  0.09/turn              o - ring of protection from fire

@: slow
A: +LOS, swims, slowness 1, strong legs 1
a: Hop, Renounce Religion


You were on level 3 of the Dungeon.
You worshipped Makhleb.
Makhleb was noncommittal.
You visited 1 branch of the dungeon, and saw 3 of its levels.

You collected 124 gold pieces.

Inventory:

Hand Weapons
 a - a +0 long sword (weapon)
Missiles
 g - 121 stones
 h - 28 sling bullets
 p - 102 arrows
 s - 21 poisoned darts
 x - 21 bolts
Armour
 b - a +0 scale mail (worn)
 c - a +0 kite shield (worn)
 y - a +1 pair of gloves (worn)
 A - a scarf of resistance (worn)
Jewellery
 m - a +4 ring of protection (left hand)
 o - a ring of protection from fire (right hand)
 w - an amulet of the acrobat (around neck)
Scrolls
 i - 2 scrolls of amnesia
 j - 2 scrolls of blinking
 k - 4 scrolls of random uselessness {unknown}
 l - a scroll of fear {unknown}
 n - 2 scrolls of enchant weapon {unknown}
 v - 2 scrolls of fog {unknown}
 B - a scroll of magic mapping {unknown}
Potions
 d - a potion of might
 e - a potion of cancellation
 f - 2 potions of heal wounds
 q - 5 potions of curing {unknown}
 r - a potion of berserk rage {unknown}
 t - a potion of mutation {unknown}
 u - a potion of invisibility {unknown}
 z - a potion of brilliance {unknown}
 C - a potion of degeneration {unknown}


   Skills:
 + Level 4.2 Fighting
 + Level 4.1 Long Blades
 + Level 4.6 Armour
 + Level 1.2 Dodging
 + Level 4.2 Shields


You had 4 spell levels left.
You didn't know any spells.
Your spell library was empty.

Dungeon Overview and Level Annotations

Branches:
Dungeon (3/15)

Altars:
Fedhas
Makhleb


Innate Abilities, Weirdness & Mutations

You can be seen from farther away. (+LOS)
You can swim through water.
You cover ground slowly.
You can hop short distances.


Message History

The orc priest is almost dead.
The orc priest barely misses you.
The orc priest miscasts a cantrip.
You block the orc's attack.
You barely miss the orc priest.
The orc priest is almost dead.
The orc priest mumbles some strange prayers to Beogh against you.
You barely resist. The orc hits you with a +0 morningstar.
* * * LOW HITPOINT WARNING * * *
You slash the orc priest!
You kill the orc priest!
Makhleb accepts your kill. The orc closely misses you.
Your Long Blades skill increases to level 4!
You closely miss the orc. You block the orc's attack. x2
You barely miss the orc.
The orc hits you with a +2 whip of electrocution.
* * * LOW HITPOINT WARNING * * *
You are electrocuted!!
You die...

...# ###........
...## #.r.....#
†...### # ###.#
#.....##....
#.?.# ##.......##
##.###
##..#......# #..#
....#....#..
##)##
###....#.##.#
#oo# #
####.......###@##
# ###.....#.#
#......#
####...###
##....###.#
###.........#
##..)##.....##
#..### ##.....
#.## .....


You could see 2 orcs.

Vanquished Creatures
  An orc priest (D:3)
  A hound skeleton (D:2)
  3 gnolls
  4 adders
  2 dart slugs
  A leopard gecko (D:3)
  An orc (D:3)
  4 giant cockroaches
  6 goblins
  5 hobgoblins
  6 kobolds
  A quokka (D:3)
  5 bats
  4 frilled lizards
  2 rats
46 creatures vanquished.

Notes
Turn   | Place    | Note
-------+----------+-------------------------------------------
     0 | D:1      | Almogavar the Barachi Fighter began the quest for the Orb.
     0 | D:1      | Reached XP level 1. HP: 18/18 MP: 1/1
   156 | D:1      | Reached XP level 2. HP: 25/25 MP: 2/2
  1170 | D:2      | Found a blossoming altar of Fedhas.
  1249 | D:2      | Reached XP level 3. HP: 30/30 MP: 3/3
  1377 | D:2      | Found a burning altar of Makhleb.
  1716 | D:1      | Reached XP level 4. HP: 18/37 MP: 4/4
  1964 | D:2      | Became a worshipper of Makhleb the Destroyer
  2168 | D:2      | Reached skill level 1 in Dodging
  2445 | D:3      | Reached XP level 5. HP: 42/42 MP: 5/5
  2636 | D:3      | Mangled by an orc

Illustrated notes

Levels and vault maps discovered:
D:1:      dpeg_arrival_connections, layout_loops_ring, minmay_misc_feat_doors,
          supply_closet_lemuel, minmay_tiny_reverse_x
D:2:      layout_loops_ring, old_standard_altar, fedhas_ov_isle_minmay
D:3:      lemuel_upstairs_altar, layout_rooms, lemuel_doored_altar

Skill      XL: |  1  2  3  4  5 |
---------------+----------------+-----
Armour         | 4 |  4.6
Long Blades    | 3 4 |  4.1
Fighting       | 4 |  4.2
Shields        | 4 |  4.2
Dodging        | 1 |  1.2

Action                   |  1- 3 |  4- 6 || total
-------------------------+-------+-------++-------
Melee: Long sword        |   115 |    72 ||   187
  Use: Scroll            |     3 |     4 ||     7
Armor: Scale mail        |    81 |    32 ||   113
Dodge: Dodged            |    52 |    30 ||    82
Block: Kite shield       |    92 |    34 ||   126
       Rpst.: Long sword |    14 |     9 ||    23
